 Dungeon Crawl Stone Soup version 0.27-a0-1136-g0b992a5a9d (webtiles) character file.

Game seed: 10243211914519017247

6734 jasper the Unhurried (level 10, -10/91 HPs)
             Began as a Demonspawn Transmuter on May 4, 2021.
             Was a Believer of Cheibriados.
             Mangled by Harold
             ... wielding a +0 trident
              (17 damage)
             ... on level 10 of the Dungeon on May 5, 2021.
             The game lasted 00:18:53 (12523 turns).

jasper the Unhurried (Demonspawn Transmuter)       Turns: 12523, Time: 00:18:54

Health: -10/91     AC:  6    Str: 16    XL:     10   Next: 75%
Magic:  17/17      EV: 18    Int: 24    God:    Cheibriados [**....]
Gold:   555        SH:  0    Dex: 26    Spells: 1/13 levels left

rFire    x . .     SeeInvis .     - Unarmed
rCold    + + +     Faith    .   (shield currently unavailable)
rNeg     . . .     Spirit   .   (armour currently unavailable)
rPois    +         Reflect  .   (helmet unavailable)
rElec    .         Harm     .   (cloak currently unavailable)
rCorr    .         Rampage  .   (gloves currently unavailable)
Will     .....                  (boots currently unavailable)
Stlth    ++........             f - amulet of the acrobat
HPRegen  0.25/turn              j - +6 ring of dexterity
MPRegen  0.15/turn              A - ring of wizardry

@: agile, ice-form, marked, wereblooded, very slow
A: freezing attack, amphibious, boosted hp, large, (antennae 3), demonic
guardian 1, powered by pain 2
a: End Transformation, Renounce Religion, Bend Time


You were on level 10 of the Dungeon.
You worshipped Cheibriados.
Cheibriados was pleased with you.
You were a creature of crystalline ice.
You visited 2 branches of the dungeon, and saw 11 of its levels.

You collected 555 gold pieces.

Inventory:

Missiles
 c - 35 poisoned darts (quivered)
 e - 245 stones
 g - 6 javelins
 k - 2 boomerangs
 z - 5 curare-tipped darts
Armour
 a - a +0 robe
 d - a +2 cloak (melded)
 n - a +2 pair of gloves (melded)
 t - a +0 tower shield
 y - a +0 helmet
 E - a +0 troll leather armour (melded)
 H - a +1 cloak
Jewellery
 f - an amulet of the acrobat (around neck)
 j - a +6 ring of dexterity (left front paw)
 w - a ring of flight
 A - a ring of wizardry (right front paw)
 B - a ring of protection from fire
Wands
 l - a wand of iceblast (10)
 v - a wand of flame (19)
 F - a wand of acid (7)
 G - a wand of polymorph (5)
Scrolls
 b - 2 scrolls of enchant weapon
 h - a scroll of fear
 o - a scroll of amnesia
 q - a scroll of teleportation
 s - 2 scrolls of enchant armour
Potions
 i - a potion of magic
 m - 2 potions of ambrosia
 p - 2 potions of flight
 r - a potion of lignification
 u - a potion of heal wounds
 x - 3 potions of curing
 C - 2 potions of might
 D - a potion of invisibility {unknown}


   Skills:
 - Level 6.2 Fighting
 - Level 4.5 Dodging
 - Level 6.2 Unarmed Combat
 - Level 2.0 Spellcasting
 - Level 3.0 Translocations
 - Level 6.2 Transmutations
 - Level 4.0 Ice Magic
 - Level 5.5 Poison Magic
 * Level 10.4 Invocations


You had one spell level left.
You knew the following spells:

 Your Spells              Type           Power      Damage    Failure   Level
a - Beastly Appendage     Tmut           64%        N/A       1%          1
b - Wereblood             Tmut           32%        N/A       1%          2
c - Spider Form           Tmut/Pois      15%        N/A       1%          3
d - Blink                 Tloc           N/A        N/A       2%          2
e - Ice Form              Ice/Tmut       26%        N/A       6%          4

Your spell library contained the following spells:

 Spells                   Type           Power      Damage    Failure   Level
 Magic Dart               Conj           8%         1d3       4%          1
 Shock                    Conj/Air       8%         1d3       4%          1
 Gell's Gravitas          Tloc           8%         N/A       4%          3
 Mephitic Cloud           Conj/Pois/Air  11%        N/A       7%          3
 Call Imp                 Summ           2%         N/A       8%          2
 Slow                     Hex            2%         N/A       8%          2
 Static Discharge         Conj/Air       2%         N/A       8%          2
 Hydra Form               Tmut           16%        N/A       11%         5
 Petrify                  Tmut/Erth      17%        N/A       13%         4
 Confusing Touch          Hex            2%         N/A       14%         3
 Conjure Flame            Conj/Fire      2%         6-21      14%         3
 Swiftness                Air            2%         N/A       14%         3
 Yara's Violent Unravell  Hex/Tmut       8%         3d5       34%         5
 Airstrike                Air            1%         N/A       41%         4
 Metabolic Englaciation   Hex/Ice        6%         N/A       47%         5
 Lightning Bolt           Conj/Air       1%         1d12      75%         5


Dungeon Overview and Level Annotations

Branches:
Dungeon (10/15)            Temple (1/1) D:7            Lair (0/6) D:10
    Orc: D:9-12

Altars:
Ashenzari
Cheibriados
Dithmenos
Elyvilon
Fedhas
Kikubaaqudgha
Makhleb
Nemelex Xobeh
Okawaru
Qazlal
Ru
Trog
Uskayaw
Vehumet
Wu Jian
Xom
Yredelemnul
Zin
The Shining One

Annotations:
D:4 2 transporters, TheGreatAnchovy's ghost, amateur MiBe
D:10 Harold


Innate Abilities, Weirdness & Mutations

You are a creature of crystalline ice.
You have a powerful freezing melee attack.
You are amphibious.
Your maximum health is increased.
Your armour is entirely melded.
You are incapable of wielding weapons or throwing items.
((You have a pair of large antennae on your head. (SInv)))
A weak demonic guardian rushes to your aid.
You sometimes gain power by taking damage.


Message History

You hit Harold. You freeze Harold.
Harold is moderately wounded.
Harold hits you but does no damage.
You hit Harold but do no damage.
Harold is moderately wounded.
Harold gestures at you while chanting. A sentinel's mark forms upon you.
You hit Harold. You freeze Harold.
Harold is moderately wounded.
Harold misses you.
You punch Harold! You freeze Harold.
Harold is heavily wounded.
Harold hits you with a +0 trident!!
You take 21 damage, and have 49/91 hp.
MASSIVE DAMAGE!!
You hit Harold. You freeze Harold.
Harold is severely wounded.
You hit Harold but do no damage.
Harold is severely wounded.
Harold misses you.
You hit Harold. You freeze Harold.
Harold is severely wounded.
Harold hits you with a +0 trident!!
You focus on the pain.
You feel agile all of a sudden.
You take 20 damage, and have 30/91 hp.
MASSIVE DAMAGE!!
You punch Harold! You freeze Harold.
Harold is almost dead.
Harold hits you with a +0 trident!
* * * LOW HITPOINT WARNING * * *
A demonic guardian appears!
You take 13 damage, and have 17/91 hp.
Okay, then.
You hit Harold but do no damage.
Harold is almost dead.
Harold hits you with a +0 trident!
* * * LOW HITPOINT WARNING * * *
You take 11 damage, and have 6/91 hp.
You hit Harold. You freeze Harold.
Harold is almost dead.
Your iron imp hits Harold.
Harold hits you with a +0 trident!
You die...

#...............#
#...............#
#...............#
#.....#.........#
#.....#######...#
#...........#...#
#.......!...#...#
#...........#...#
#....Y####### .#
#...@5....#
#.........#
#.........#
#.........#
#.........#
###########


You could see Harold (ally target) and a friendly iron imp (summoned).

Vanquished Creatures
  A komodo dragon (D:10)
  A troll (D:9)
  Grinder (D:6)
  A hornet (D:4)
  Prince Ribbit (D:5)
  A wyvern (D:7)
  Eustachio (D:5)
  2 shadows
  10 yaks
  Menkaure (D:6)
  A sky beast (D:5)
  3 ice beasts
  2 orc warriors
  3 black bears
  3 centaurs
  2 phantoms (D:5)
  3 kobold brigands
  Blork the orc (D:5)
  A gnoll sergeant (D:6)
  3 scorpions
  11 killer bees
  4 howler monkeys
  3 centaur zombies
  3 hounds
  2 bullfrog skeletons (D:7)
  6 orc priests
  4 gnoll shamans
  3 jellies
  2 iguanas (D:4)
  6 orc wizards
  A hound skeleton (D:5)
  3 adders
  17 gnolls
  A white imp (D:7)
  An ufetubus (D:5)
  An adder skeleton (D:4)
  A worm (D:4)
  3 dart slugs
  22 orcs
  2 ball pythons
  5 bats
  An endoplasm (D:4)
  5 giant cockroaches
  5 goblins
  8 hobgoblins
  11 jackals
  15 kobolds
  A frilled lizard (D:3)
  9 rats
198 creatures vanquished.

Vanquished Creatures (collateral kills)
  A phantom (D:4)
  A bullfrog (D:9)
  2 orcs (D:4)
  2 kobolds (D:8)
6 creatures vanquished.

Vanquished Creatures (others)
  7 plants (D:10)
7 creatures vanquished.

Grand Total: 211 creatures vanquished

Notes
Turn   | Place    | Note
-------+----------+-------------------------------------------
     0 | D:1      | jasper the Demonspawn Transmuter began the quest for the
                  | Orb.
     0 | D:1      | Reached XP level 1. HP: 15/15 MP: 3/3
   284 | D:1      | Lost mutation: You have a pair of horns on your head.
                  | [demonic ancestry]
   284 | D:1      | Lost mutation: You have a pair of small horns on your head.
                  | [demonic ancestry]
   284 | D:1      | Gained mutation: You have a pair of small antennae on your
                  | head. [demonic ancestry]
   284 | D:1      | Reached XP level 2. HP: 21/21 MP: 1/5
  1378 | D:2      | Gained mutation: You have a pair of antennae on your head.
                  | [demonic ancestry]
  1378 | D:2      | Reached XP level 3. HP: 26/26 MP: 6/6
  1381 | D:2      | Learned a level 2 spell: Wereblood
  1385 | D:2      | Learned a level 3 spell: Spider Form
  1485 | D:2      | Found a faded altar of an unknown god.
  1617 | D:2      | Found an ancient bone altar of Kikubaaqudgha.
  1815 | D:3      | Reached skill level 1 in Poison Magic
  2409 | D:3      | Gained mutation: You sometimes gain a little power by
                  | taking damage. [demonic ancestry]
  2409 | D:3      | Reached XP level 4. HP: 32/32 MP: 7/7
  2619 | D:3      | Found a stormy altar of Qazlal.
  2922 | D:4      | Noticed a scorpion
  2931 | D:4      | Killed a scorpion
  2932 | D:4      | Gained mutation: You sometimes gain power by taking damage.
                  | [demonic ancestry]
  2932 | D:4      | Reached XP level 5. HP: 14/37 MP: 4/8
  3221 | D:4      | Noticed a hornet
  3228 | D:4      | Killed a hornet
  3229 | D:4      | Reached skill level 5 in Poison Magic
  3229 | D:4      | Gained mutation: A weak demonic guardian rushes to your
                  | aid. [demonic ancestry]
  3229 | D:4      | Reached XP level 6. HP: 13/43 MP: 9/9
  3589 | D:4      | Gained mutation: You have a pair of large antennae on your
                  | head. (SInv) [demonic ancestry]
  3589 | D:4      | Reached XP level 7. HP: 39/48 MP: 8/10
  3846 | D:4      | Reached skill level 5 in Transmutations
  3849 | D:4      | Learned a level 2 spell: Blink
  4583 | D:4      | Noticed TheGreatAnchovy's ghost (amateur MiBe)
  4585 | D:4      | Found a transporter.
  4623 | D:4      | Found a transporter.
  4846 | D:5      | Entered Level 5 of the Dungeon
  4924 | D:5      | Reached skill level 1 in Translocations
  5588 | D:5      | Noticed Prince Ribbit
  5609 | D:5      | Killed Prince Ribbit
  5610 | D:5      | Reached XP level 8. HP: 30/57 MP: 11/11
  6063 | D:5      | Noticed Eustachio
  6104 | D:5      | Killed Eustachio
  6646 | D:5      | Noticed Blork the orc
  6665 | D:5      | Killed Blork the orc
  7026 | D:6      | Noticed Grinder
  7077 | D:6      | Paralysed by Grinder for 5 turns
  7091 | D:6      | Killed Grinder
  7092 | D:6      | Reached skill level 5 in Unarmed Combat
  7092 | D:6      | Reached XP level 9. HP: 45/67 MP: 9/12
  7117 | D:6      | Learned a level 4 spell: Ice Form
  7235 | D:6      | Noticed Menkaure
  7251 | D:6      | Killed Menkaure
  7252 | D:6      | Reached skill level 5 in Fighting
  7375 | D:6      | Reached skill level 1 in Ice Magic
  8078 | D:7      | Found a staircase to the Ecumenical Temple.
  8312 | Temple   | Entered the Ecumenical Temple
  8476 | Temple   | Became a worshipper of Cheibriados the Contemplative
  8599 | D:7      | Reached skill level 1 in Invocations
  9495 | D:7      | Reached * piety under Cheibriados
  9496 | D:7      | Reached skill level 2 in Invocations
  9999 | D:8      | Reached skill level 3 in Invocations
 10019 | D:8      | Reached XP level 10. HP: 51/76 MP: 3/13
 10697 | D:9      | Reached ** piety under Cheibriados
 10841 | D:9      | Reached skill level 4 in Invocations
 10854 | D:9      | Reached skill level 5 in Invocations
 11293 | D:9      | Reached skill level 6 in Invocations
 11711 | D:9      | Reached skill level 7 in Invocations
 11916 | D:10     | Entered Level 10 of the Dungeon
 12006 | D:10     | Reached skill level 8 in Invocations
 12148 | D:10     | Found a staircase to the Lair.
 12163 | D:10     | Reached skill level 9 in Invocations
 12351 | D:10     | Reached skill level 10 in Invocations
 12494 | D:10     | Noticed Harold
 12523 | D:10     | Mangled by Harold

Illustrated notes

Levels and vault maps discovered:
D:1:      dpeg_arrival_ratfight, layout_basic
D:2:      layout_loops_ring, hellmonk_ecumenical_altar_run_dry, basic_altar
D:3:      layout_basic, lemuel_doored_altar, due_unseen_surprise
D:4:      minmay_general_purpose_star, layout_basic, gammafunk_ghost_smash
D:5:      layout_loops_corners, uniq_eustachio, uniq_prince_ribbit1,
          uniq_blork_the_orc
D:6:      layout_cave_pools, chequers_serial_rivers_large_b, uniq_menkaure,
          uniq_grinder
D:7:      layout_basic, minmay_temple_entry_tees
D:8:      layout_rooms, nicolae_benzene_ring, minmay_misc_feat_cross,
          eino_small_chamber_without_monster, eino_small_chamber_without_monster
D:9:      layout_basic
D:10:     layout_grid_maze, david_lair_shrubbed, minivault_7, uniq_harold
Temple:   kilobyte_greek_temple

Skill      XL: |  1  2  3  4  5  6  7  8  9 10 |
---------------+-------------------------------+-----
Transmutations | 2 3 4 5 6 |  6.2
Poison Magic   | 2 3 5 |  5.5
Unarmed Combat | 3 5 6 |  6.2
Translocations | 2 3 |  3.0
Fighting       | 2 4 6 |  6.2
Dodging        | 3 4 |  4.5
Ice Magic      | 3 4 |  4.0
Invocations    | 3 10 | 10.4
Spellcasting   | |  2.0

Action                   |  1- 3 |  4- 6 |  7- 9 | 10-12 || total
-------------------------+-------+-------+-------+-------++-------
Melee: Unarmed           |   135 |    46 |   420 |   140 ||   741
       Kick              |    16 |     2 |    46 |       ||    64
       Headbutt          |     1 |       |       |       ||     1
       Punch             |       |       |     8 |     2 ||    10
Throw: Dart              |    30 |    15 |    21 |     1 ||    67
 Cast: Beastly Appendage |    13 |     2 |    13 |       ||    28
       Wereblood         |     2 |     1 |     4 |     9 ||    16
       Spider Form       |       |     4 |    26 |     1 ||    31
       Ice Form          |       |       |     2 |    10 ||    12
       Blink             |       |       |       |     1 ||     1
Evoke: Wand              |       |       |    10 |     3 ||    13
  Use: Scroll            |     4 |     2 |     9 |       ||    15
       Potion            |     2 |     3 |     3 |       ||     8
 Stab: Sleeping          |       |       |     1 |     2 ||     3
       Distracted        |       |       |     1 |       ||     1
Armor: Robe              |    54 |     4 |    68 |     1 ||   127
       Skin              |       |     1 |    10 |    20 ||    31
       Troll leather arm |       |       |       |     1 ||     1
Dodge: Dodged            |   104 |    41 |   428 |   119 ||   692

Table legend: (Time is in decaauts)
 A = Elapsed time spent in this place.
 B = Non-inter-level travel time spent in this place.
 C = Inter-level travel time spent in this place.
 D = Time resting spent in this place.
 E = Time spent auto-exploring this place.
 F = Levels seen in this place.
 G = Mean time per level.
                   A        B        C        D        E       F      G
               +--------+--------+--------+--------+--------+-----+--------+
         Total |  13335 |  12743 |    592 |   1593 |   8993 |  11 | 1212.3 |
       Dungeon |  13106 |  12556 |    550 |   1593 |   8840 |  10 | 1310.6 |
        Temple |    228 |    186 |     42 |      0 |    153 |   1 |  228.0 |
               +--------+--------+--------+--------+--------+-----+--------+

Top non-repeatable levels by time:
     D:4: 2204 daAuts
     D:5: 2184 daAuts
     D:7: 1949 daAuts
     D:9: 1565 daAuts
     D:8: 1125 daAuts
     D:1: 1076 daAuts
     D:3: 1027 daAuts
     D:2: 713 daAuts
    D:10: 708 daAuts
     D:6: 550 daAuts
  Temple: 228 daAuts
